 Dungeon Crawl Stone Soup version 0.21.1-1-g345015f (webtiles) character file.

101 goulibeur the Distorting Demonspawn (level 4, -1/35 HPs)
             Began as a Demonspawn Abyssal Knight on July 3, 2018.
             Was a Believer of Lugonu.
             Succumbed to an orc wizard's poison
             ... on level 3 of the Dungeon.
             The game lasted 00:07:13 (3046 turns).

goulibeur the Distorting Demonspawn (DsAK)          Turns: 3046, Time: 00:07:14

Health: -1/35      AC:  3    Str: 13    XL:     4   Next: 48%
Magic:  2/7        EV: 12    Int: 18    God:    Lugonu [**....]
Gold:   80         SH:  0    Dex: 13    Spells: 3/3 levels left

rFire    . . .     SeeInvis .   d - -1 short sword (curse)
rCold    . . .     Gourm    .   (no shield)
rNeg     . . .     Faith    .   f - +0 leather armour (curse)
rPois    .         Spirit   +   (helmet restricted)
rElec    .         Reflect  .   (no cloak)
rCorr    .         Harm     .   (no gloves)
MR       .....                  (no boots)
Stlth    +.........             (no amulet)
HPRegen  0.11/turn              (no ring)
MPRegen  0.10/turn              (no ring)

@: brilliant, lethally poisoned (-1 -> -32)
A: horns 1, powered by pain 1, magic shield
a: Depart the Abyss, Bend Space, Renounce Religion


You were on level 3 of the Dungeon.
You worshipped Lugonu.
Lugonu was pleased with you.
You were hungry.

You visited 1 branch of the dungeon, and saw 3 of its levels.
You visited the Abyss 1 time.

You collected 80 gold pieces.

Inventory:

Hand Weapons
 a - a +1 short sword
 d - a cursed -1 short sword (weapon)
Armour
 b - a +0 leather armour
 e - a +0 ring mail
 f - a cursed +0 leather armour (worn)
Scrolls
 g - a scroll of enchant weapon {unknown}
 h - a scroll of teleportation {unknown}
 j - 3 scrolls of identify {unknown}
 k - a scroll of remove curse {unknown}
Potions
 l - a potion of degeneration {unknown}
Comestibles
 c - 5 rations
 m - a chunk of flesh


   Skills:
 + Level 3.5 Fighting
 - Level 1.7 Short Blades
 + Level 2.4 Armour
 + Level 1.9 Dodging
 * Level 4.3 Invocations


You had 3 spell levels left.
You didn't know any spells.

Dungeon Overview and Level Annotations

Branches:
Dungeon (3/15)

Altars:
Trog

Annotations:
D:2 Sigmund


Innate Abilities, Weirdness & Mutations

You have a pair of small horns on your head.
You sometimes gain a little power by taking damage.
When hurt, damage is shared between your health and your magic reserves.


Message History

* * * LOW HITPOINT WARNING * * *
You closely miss the orc wizard. You headbutt the orc wizard.
The orc wizard is almost dead.
* * * LOW HITPOINT WARNING * * *
You feel sick.
The orc wizard hits you but does no damage.
You are more poisoned.
The orc wizard hits you but does no damage.
You hit the orc wizard but do no damage.
The orc wizard is almost dead.
* * * LOW HITPOINT WARNING * * *
You feel sick. The orc wizard casts a spell at you. The puff of flame hits you!
* * * LOW HITPOINT WARNING * * *
The orc wizard hits you but does no damage.
You are more poisoned.
It was a potion of brilliance.
You feel clever all of a sudden.
You die...

....... ....... ...o.r. ##
...../. ... ....roo#####...#
######## #...........#
#....... #......(....#
###.#### ........o########
#...# ##......ooo@....##
#...# ........o######..#
#...# #.....##.# ##.##
##...## >.....##.#######..#
##......
#..##..>........#.###.....#.
... ...........(............
........)(#...#.#...##
.......)(...###.###(..
.............#..# #...


You could see an orc priest, an orc wizard and 3 orcs.

Vanquished Creatures
  3 adders (D:2)
  An ooze (D:1)
  3 worms
  A dart slug (D:3)
  2 leopard geckos (D:1)
  An orc (D:3)
  2 ball pythons (D:2)
  8 bats
  A giant cockroach (D:2)
  5 goblins
  8 hobgoblins
  8 kobolds
  2 quokkas (D:3)
  A frilled lizard (D:1)
  7 rats
53 creatures vanquished.

Notes
Turn   | Place    | Note
-------+----------+-------------------------------------------
     0 | Abyss:1  | goulibeur the Demonspawn Abyssal Knight began the quest for the Orb.
     0 | Abyss:1  | Reached XP level 1. HP: 18/18 MP: 2/2
    31 | Abyss:1  | Noticed a large abomination
    31 | D:1      | Escaped the Abyss
    56 | D:1      | Reached skill level 1 in Dodging
    74 | D:1      | Reached * piety under Lugonu
   154 | D:1      | Reached skill level 3 in Invocations
   154 | D:1      | Gained mutation: You sometimes gain a little power by taking damage. [demonic ancestry]
   154 | D:1      | Reached XP level 2. HP: 16/24 MP: 2/4
   918 | D:1      | Gained mutation: You have a pair of small horns on your head. [demonic ancestry]
   918 | D:1      | Reached XP level 3. HP: 28/29 MP: 5/5
  1488 | D:2      | Found a bloodstained altar of Trog.
  1597 | D:2      | Reached skill level 4 in Invocations
  1854 | D:2      | Gained mutation: When hurt, damage is shared between your health and your magic reserves. [demonic ancestry]
  1854 | D:2      | Reached XP level 4. HP: 9/35 MP: 7/7
  2404 | D:2      | Noticed Sigmund
  2434 | D:3      | Reached ** piety under Lugonu
  3046 | D:3      | Succumbed to an orc wizard's poison

Skill      XL: |  1  2  3 |
---------------+----------+-----
Dodging        | 1 |  1.9
Invocations    | 3 4 |  4.3
Armour         | 2 |  2.4
Fighting       | |  3.5
Short Blades   | |  1.7

Action                   |  1- 3 |  4- 6 || total
-------------------------+-------+-------++-------
Melee: Short sword       |   131 |   100 ||   231
       Headbutt          |    10 |    15 ||    25
Invok: Depart the Abyss  |     1 |       ||     1
  Use: Potion            |     1 |     1 ||     2
       Scroll            |     1 |       ||     1
  Eat: Chunk             |     3 |       ||     3
       Ration            |       |     1 ||     1
Armor: Leather armour    |    26 |    17 ||    43
       Ring mail         |    10 |       ||    10
Dodge: Dodged            |    92 |    54 ||   146
